 Dungeon Crawl Stone Soup version 0.22-a0-247-gbddf880 (webtiles) character file.

223713 Azzok the Merry Gargoyle (level 19, -1/124 HPs)
             Began as a Gargoyle Berserker on Feb 26, 2018.
             Was the Champion of Trog.
             Slain by an eight-headed hydra (11 damage)
             ... on level 4 of the Swamp.
             The game lasted 01:27:08 (36473 turns).

Azzok the Merry Gargoyle (Gargoyle Berserker)      Turns: 36473, Time: 01:27:08

Health: -1/124     AC: 36    Str: 23    XL:     19   Next: 27%
Magic:  19/19      EV:  7    Int: 14    God:    Trog [******]
Gold:   2131       SH:  0    Dex:  7    Spells: 18/18 levels left

rFire    + . .     SeeInvis +   a - +9 longbow (freeze)
rCold    . . .     Gourm    .   (shield currently unavailable)
rNeg     + . .     Faith    +   A - +2 plate armour {rF+}
rPois    ∞         Spirit   .   G - +1 helmet {SInv}
rElec    +         Reflect  .   (no cloak)
rCorr    .         Harm     .   (no gloves)
MR       ++...                  H - +2 pair of boots of Feasting {Regen+}
Stlth    ..........             M - amulet of faith
HPRegen  0.70/turn              d - ring of protection from magic
MPRegen  0.16/turn              v - +3 ring of protection

@: flying
A: big wings, blurry vision 1, clumsy 1, negative energy resistance 1,
electricity resistance, unbreathing, petrification resistance, rot immunity,
MP-powered wands, AC +14
}: 1/15 runes: serpentine
a: Stop Flying, Berserk, Trog's Hand, Brothers in Arms, Renounce Religion


You were on level 4 of the Swamp.
You worshipped Trog.
Trog was exalted by your worship.
You were not hungry.

You visited 5 branches of the dungeon, and saw 31 of its levels.
You also visited: Sewer and Ice Cave.

You collected 2854 gold pieces.
You spent 723 gold pieces at shops.

Inventory:

Hand Weapons
 a - a +9 longbow of freezing (weapon)
 b - a +4 rapier of draining
 j - the +5 broad axe of the Dungeon {elec, rElec rC+ MP+9 Dex+3}
   (You found it in an ice cave)

   Occasionally, upon striking a foe, it will discharge some electrical energy
   and cause terrible harm.
   It affects your dexterity (+3).
   It protects you from cold.
   It insulates you from electricity.
   It affects your magic capacity (+9).
Missiles
 o - 681 arrows (quivered)
Armour
 e - a +4 plate armour of cold resistance
 h - quicksilver dragon scales
 A - a +2 plate armour of fire resistance (worn)
 G - a +1 helmet of see invisible (worn)
 H - the +2 pair of boots of Feasting (worn) {Regen+}
   (You found it on level 1 of the Swamp)

   It increases your rate of regeneration.
Jewellery
 d - a ring of protection from magic (left hand)
 f - an uncursed ring of fire
 l - a +4 ring of dexterity {unknown}
 v - a +3 ring of protection (right hand)
 K - an uncursed ring of ice
 M - an amulet of faith (around neck)
Wands
 O - a wand of digging (14)
Scrolls
 i - a scroll of fear {unknown}
 k - 2 scrolls of enchant weapon
 s - a scroll of brand weapon
 t - 14 scrolls of teleportation
 w - 7 scrolls of blinking
 x - 4 scrolls of identify
 y - 6 scrolls of fog
 D - a scroll of summoning {unknown}
 E - 6 scrolls of magic mapping
 F - 3 scrolls of silence
 I - 17 scrolls of remove curse
Potions
 g - 5 potions of agility
 m - 3 potions of might
 n - 16 potions of curing
 p - 2 potions of brilliance
 q - 3 potions of mutation {!q}
 r - 3 potions of lignification
 u - a potion of resistance
 z - 4 potions of berserk rage
 B - a potion of haste
 C - 2 potions of heal wounds
 J - a potion of invisibility
 N - 2 potions of cancellation {unknown}
 P - a potion of magic {unknown}
Comestibles
 c - 46 rations
 L - 6 chunks of flesh


   Skills:
 + Level 15.4 Fighting
   Level 2.6 Long Blades
 O Level 27 Bows
 + Level 4.1 Armour
 - Level 1.5 Dodging


You had 18 spell levels left.
You didn't know any spells.

Dungeon Overview and Level Annotations

Branches:
Dungeon (15/15)            Temple (0/1) D:4            Lair (6/6) D:11
  Swamp (4/4) Lair:3        Snake (4/4) Lair:3        Slime (0/5) Lair:5
    Orc (2/2) D:11            Elf (0/3) Orc:2        Vaults (0/5) D:13
 Depths (0/5) D:15

Altars:
Cheibriados
Gozag
Hepliaklqana
Makhleb
Nemelex Xobeh
Sif Muna
Uskayaw
Wu Jian
Xom
Zin
Beogh
Jiyva

Shops:
D:4 =   D:8 ?   D:15 *   Orc:2 ?=[%   Snake:3 (

Annotations:
Lair:3 exclusion: oklob plant
Swamp:4 Mara


Innate Abilities, Weirdness & Mutations

You are resistant to torment.
Your stone body is resilient. (AC +14)
You are immune to poison.
Your large and strong wings let you fly indefinitely.
You resist negative energy. (rN+)
You are resistant to electric shocks. (rElec)
You can survive without breathing.
You are immune to petrification.
You are immune to rotting.
Scrolls take you a little longer to read.
You are clumsy. (Dex -2)
You expend magic power (3 MP) to strengthen your wands.


Message History

The eight-headed hydra is moderately wounded.
The eight-headed hydra is no longer moving slowly.
The eight-headed hydra barely misses you.
The eight-headed hydra bites you!
* * * LOW HITPOINT WARNING * * *
The eight-headed hydra bites you but does no damage. x2
The eight-headed hydra bites you.
* * * LOW HITPOINT WARNING * * *
The eight-headed hydra bites you!
* * * LOW HITPOINT WARNING * * *
The eight-headed hydra bites you but does no damage.
The eight-headed hydra closely misses you.
Firing (i - inventory)
o - 682 arrows (quivered)
Press: ? - help, Shift-Dir - straight line, f/p - eight-headed hydra
Aim: an eight-headed hydra (moderately wounded, unusually strong)
You shoot an arrow.
The arrow hits the eight-headed hydra but does no damage.
The eight-headed hydra is moderately wounded.
The eight-headed hydra bites you!
You die...

♣♣♣♣ ♣·≈♣♣♣
≈≈·≈·♣♣ ♣♣
♣♣·≈≈≈≈♣··♣
≈≈≈··(≈§
·=·≈≈♣··(
♣♣D)((D≈·≈
♣♣♣♣≈@♣ ♣♣≈♣≈§♣▒
♣≈··≈♣▒
♣♣♣♣♣♣♣♣·≈≈♣
♣♣·♣♣§♣♣·≈≈♣▒
♣♣♣♣····≈··≈·≈≈♣
♣··♣♣≈♣·······♣▒
≈·······§≈·≈·≈·♣▒
♣··≈≈≈··≈····≈≈≈♣


You could see an eight-headed hydra and a swamp dragon.

Vanquished Creatures
  Vashnia (Snake:3)
  Rupert (D:13)
  A tentacled monstrosity (Swamp:3)
  Gastronok (Lair:2)
  2 thorn hunters (Swamp:3)
  Donald (Snake:4)
  Roxanne (Swamp:1)
  Agnes (Snake:4)
  14 nagarajas
  An orc warlord (Orc:1)
  Louise (Swamp:3)
  A stone giant (Orc:2)
  The ghost of Azzok the Earth Mage, a journeyman GrEE of Vehumet (D:13)
  Nessos (D:14)
  Josephine (Orc:2)
  A yaktaur captain (D:14)
  2 fire dragons (D:15)
  4 ogre magi (Orc:2)
  2 ice dragons
  9 hydras
  A catoblepas (Lair:6)
  14 naga warriors
  2 ghost crabs
  13 anacondas
  15 two-headed ogres
  7 alligators
  9 centaur warriors
  A tengu warrior (D:14)
  10 shock serpents
  4 orc high priests
  16 naga sharpshooters
  Urug (Lair:2)
  3 unseen horrors
  2 salamander mystics (Snake:3)
  A skeletal warrior (D:15)
  2 spriggan druids
  A swamp dragon (Swamp:2)
  7 naga ritualists
  2 orc knights
  2 wolf spider zombies
  15 ugly things
  7 salamanders
  3 orc sorcerers
  9 mana vipers
  20 slime creatures
  2 manticores
  8 cyclopes
  7 centaur zombies
  Maurice (D:10)
  16 naga magi
  29 black mambas
  9 elephants
  2 ice statues (IceCv)
  2 gargoyles
  A molten gargoyle (D:14)
  16 guardian serpents
  7 spiny frogs
  The ghost of Azzok the Fighter, a novice GrBe of Trog (D:5)
  5 komodo dragons
  2 efreet
  14 ice devils (IceCv)
  A guardian mummy (D:15)
  A queen bee (D:14)
  3 meliai (D:14)
  7 trolls
  5 tyrant leeches
  A tengu conjurer (D:14)
  9 hornets
  A polar bear (Lair:6)
  16 blink frogs
  The ghost of Azzok the Skirmisher, an amateur GrBe of Trog (D:3)
  Grinder (D:6)
  3 bog bodies (Swamp:1)
  10 hippogriffs
  2 dream sheep (Lair:6)
  A vampire (D:14)
  6 wraiths
  4 shadows
  21 spriggans
  Eustachio (D:6)
  3 fire elementals
  16 humans
  2 hungry ghosts
  25 yaks
  5 basilisks
  8 vampire mosquitoes
  45 nagas
  7 insubstantial wisps (Swamp:1)
  15 swamp worms
  6 wargs (Orc:2)
  2 acid dragons
  A water moccasin (shapeshifter) (D:14)
  6 porcupines
  Duvessa (D:6)
  16 water moccasins
  13 swamp drakes
  2 hornet zombies (D:15)
  5 black bears
  4 ice beasts
  A sky beast (D:14)
  32 orc warriors
  21 wolves
  35 ogres
  An eye of draining (D:10)
  A phantom (D:10)
  3 necrophages
  4 boggarts (Lair:6)
  11 centaurs
  11 crocodiles
  A big kobold (D:11)
  24 bullfrogs
  Dowan (D:6)
  2 wyvern skeletons (D:9)
  A water moccasin zombie (D:10)
  5 scorpions
  A water moccasin skeleton (D:10)
  36 killer bees
  13 wights
  2 electric eels (Lair:2)
  4 howler monkeys
  A lava snake (D:14)
  2 bullfrog zombies
  3 crimson imps
  27 orc priests
  A wyvern simulacrum (D:14)
  5 jellies
  21 orc wizards
  A gnoll shaman (D:7)
  6 bullfrog skeletons
  3 hounds
  3 centaur skeletons
  Natasha (twice) (D:3)
  6 worker ants
  A hound skeleton (D:6)
  A mummy (D:15)
  2 worker ant zombies
  7 gnolls
  17 adders
  5 shadow imps
  7 white imps (IceCv)
  8 ufetubi (IceCv)
  9 oozes
  18 worms
  15 leopard geckos
  110 orcs
  22 giant cockroaches
  10 goblins
  6 hobgoblins
  22 jackals
  6 kobolds
  5 quokkas
  17 ball pythons
  5 bats
  13 frilled lizards
  A giant cockroach zombie (D:6)
  A jackal zombie (D:6)
  A leopard gecko skeleton (D:4)
  5 rats
  A bush (Lair:6)
  2 fungi
  2 plants
1222 creatures vanquished.

Vanquished Creatures (collateral kills)
  2 Ice Fiends (IceCv)
  An anaconda (Snake:4)
  A mana viper (Snake:4)
4 creatures vanquished.

Vanquished Creatures (others)
  A lindwurm (Swamp:4)
  2 ufetubi (IceCv)
  7 fungi
  5 plants
  A withered plant (D:15)
16 creatures vanquished.

Grand Total: 1242 creatures vanquished

Notes
Turn   | Place    | Note
-------+----------+-------------------------------------------
     0 | D:1      | Azzok the Gargoyle Berserker began the quest for the Orb.
     0 | D:1      | Reached XP level 1. HP: 14/14 MP: 1/1
   202 | D:1      | Reached XP level 2. HP: 20/20 MP: 2/2
   558 | D:1      | Reached XP level 3. HP: 24/24 MP: 3/3
   642 | D:1      | Reached ** piety under Trog
  1011 | D:2      | Reached skill level 5 in Fighting
  1165 | D:2      | Reached XP level 4. HP: 30/31 MP: 4/4
  1792 | D:3      | Noticed an orc warrior
  1805 | D:3      | Killed an orc warrior
  1805 | D:3      | Reached XP level 5. HP: 17/37 MP: 5/5
  2233 | D:3      | Found a sparkling altar of Nemelex Xobeh.
  2233 | D:3      | Found an ornate altar of the Wu Jian Council.
  2275 | D:3      | Found a burning altar of Makhleb.
  2368 | D:3      | Noticed Natasha
  2380 | D:3      | Killed Natasha
  2467 | D:3      | Noticed Azzok's ghost (amateur GrBe)
  2487 | D:3      | Killed Azzok's ghost
  2487 | D:3      | Reached XP level 6. HP: 12/44 MP: 6/6
  2492 | D:3      | Noticed Natasha
  2500 | D:3      | Killed Natasha
  2500 | D:3      | Reached XP level 7. HP: 10/50 MP: 7/7
  2791 | D:3      | Found a hide-covered altar of Uskayaw.
  3074 | D:3      | Reached *** piety under Trog
  3120 | D:4      | Found a staircase to the Ecumenical Temple.
  3330 | D:4      | Found Xerchequle's Jewellery Emporium.
  3461 | D:4      | Found a snail-covered altar of Cheibriados.
  3607 | D:5      | Entered Level 5 of the Dungeon
  3962 | D:5      | Noticed Azzok's ghost (novice GrBe)
  4037 | D:5      | Killed Azzok's ghost
  4037 | D:5      | Reached skill level 10 in Fighting
  4037 | D:5      | Reached XP level 8. HP: 22/59 MP: 8/8
  5235 | D:6      | Noticed Eustachio
  5275 | D:6      | Killed Eustachio
  5339 | D:6      | Noticed Grinder
  5375 | D:6      | Killed Grinder
  5430 | D:5      | Found a shimmering altar of Xom.
  5502 | D:6      | Found a glowing drain.
  5506 | Sewer    | Entered a sewer
  5524 | Sewer    | Reached XP level 9. HP: 63/65 MP: 9/9
  5609 | Sewer    | Reached **** piety under Trog
  5948 | D:6      | Noticed Dowan
  5949 | D:6      | Noticed Duvessa
  5960 | D:6      | Killed Duvessa
  5967 | D:6      | Killed Dowan
  6547 | D:7      | Reached ***** piety under Trog
  7013 | D:7      | Found an opulent altar of Gozag.
  7409 | D:8      | Reached XP level 10. HP: 76/76 MP: 10/10
  7892 | D:8      | Found Keimeiq's Magic Scroll Shoppe.
  7900 | D:8      | Bought a scroll of identify for 30 gold pieces
  7902 | D:8      | Bought a scroll of noise for 15 gold pieces
  7980 | D:7      | Reached skill level 15 in Fighting
  8011 | D:8      | Got a smoking whip {holy}
  8078 | D:8      | Identified the +1 whip "Acukh" {holy, Int+4 Stlth+} (You took it off an orc priest on level 8 of the Dungeon)
  8544 | D:9      | Reached skill level 1 in Bows
  8727 | D:9      | Reached skill level 2 in Bows
  8770 | D:9      | Reached skill level 3 in Bows
  9051 | D:9      | Found a glowing silver altar of Zin.
  9136 | D:10     | Entered Level 10 of the Dungeon
  9179 | D:10     | Reached skill level 4 in Bows
  9287 | D:10     | Received a gift from Trog
  9355 | D:10     | Reached skill level 5 in Bows
  9746 | D:10     | Noticed Maurice
  9765 | D:10     | Reached skill level 6 in Bows
  9826 | D:10     | Killed Maurice
 10090 | D:10     | Reached skill level 7 in Bows
 10414 | D:11     | Received a gift from Trog
 10418 | D:11     | Reached XP level 11. HP: 66/81 MP: 11/11
 10521 | D:11     | Found a staircase to the Lair.
 10556 | D:11     | Reached skill level 8 in Bows
 10796 | D:11     | Found a roughly hewn altar of Beogh.
 10796 | D:11     | Found a staircase to the Orcish Mines.
 11117 | D:11     | Reached skill level 9 in Bows
 11349 | D:11     | Received a gift from Trog
 11503 | D:11     | Noticed a two-headed ogre
 11519 | D:11     | Killed a two-headed ogre
 11682 | D:11     | Reached skill level 10 in Bows
 11892 | D:12     | Noticed a centaur warrior
 11914 | D:12     | Killed a centaur warrior
 12012 | D:12     | Found a deep blue altar of Sif Muna.
 12085 | D:12     | Noticed an eight-headed hydra
 12093 | D:12     | Killed an eight-headed hydra
 12093 | D:12     | Reached skill level 11 in Bows
 12312 | D:12     | Killed an unseen horror
 12519 | D:12     | Reached skill level 12 in Bows
 12582 | D:12     | Reached XP level 12. HP: 83/87 MP: 12/12
 12944 | D:12     | Reached skill level 13 in Bows
 13367 | Lair:1   | Entered Level 1 of the Lair of Beasts
 14613 | Lair:1   | Identified Gesu's Reference Book on Stones and Contamination
 14834 | Lair:2   | Reached skill level 14 in Bows
 15171 | Lair:2   | Noticed Gastronok
 15182 | Lair:2   | Killed Gastronok
 15318 | Lair:2   | Noticed Urug
 15352 | Lair:2   | Got a transparent helmet
 15353 | Lair:2   | Identified the +1 helmet of Past Mistakes {Stlth+} (You found it on level 2 of the Lair of Beasts)
 15362 | Lair:2   | Killed Urug
 15719 | Lair:3   | Received a gift from Trog
 15733 | Lair:3   | Found a staircase to the Snake Pit.
 15738 | Lair:3   | Reached skill level 15 in Bows
 15761 | Lair:3   | Reached XP level 13. HP: 75/92 MP: 13/13
 15761 | Lair:3   | Received a gift from Trog
 16096 | Lair:3   | Received a gift from Trog
 16332 | Lair:3   | Found a staircase to the Swamp.
 16849 | Lair:4   | Reached skill level 16 in Bows
 16861 | Lair:4   | Received a gift from Trog
 17647 | Lair:5   | Found a staircase to the Slime Pits.
 17648 | Lair:5   | Found a viscous altar of Jiyva.
 17750 | Lair:5   | Received a gift from Trog
 17924 | Lair:5   | Received a gift from Trog
 17924 | Lair:5   | Reached skill level 17 in Bows
 18417 | Lair:6   | Entered Level 6 of the Lair of Beasts
 18837 | Lair:6   | Received a gift from Trog
 18840 | Lair:6   | Reached ****** piety under Trog
 19395 | Lair:6   | Gained mutation: Your large and strong wings let you fly indefinitely. [Gargoyle growth]
 19395 | Lair:6   | Reached XP level 14. HP: 93/98 MP: 14/14
 19591 | Lair:6   | Reached skill level 18 in Bows
 19656 | Lair:6   | Received a gift from Trog
 19686 | Lair:6   | Found the +8 trident of the Octopus King {venom, rElec rPois MR+}
 20358 | D:13     | Found a snail-covered altar of Cheibriados.
 20764 | D:13     | Noticed Azzok's ghost (journeyman GrEE)
 20784 | D:13     | Killed Azzok's ghost
 20840 | D:13     | Noticed Rupert
 20905 | D:13     | Killed Rupert
 20905 | D:13     | Reached skill level 19 in Bows
 20921 | D:13     | Received a gift from Trog
 20964 | D:13     | Found a gate to the Vaults.
 21201 | D:13     | Paralysed by a human for 6 turns
 22463 | D:14     | Noticed Nessos
 22484 | D:14     | Killed Nessos
 22484 | D:14     | Reached skill level 20 in Bows
 22484 | D:14     | Reached XP level 15. HP: 62/103 MP: 15/15
 22829 | D:14     | Received a gift from Trog
 23196 | D:14     | Identified the Catalogue of the Scribe
 23473 | Orc:1    | Entered Level 1 of the Orcish Mines
 23581 | Orc:2    | Entered Level 2 of the Orcish Mines
 23582 | Orc:2    | Found a staircase to the Elven Halls.
 24013 | Orc:2    | Received a gift from Trog
 24099 | Orc:1    | Noticed an orc warlord
 24111 | Orc:1    | Killed an orc warlord
 24121 | Orc:1    | Received a gift from Trog
 24498 | Orc:1    | Received a gift from Trog
 24526 | Orc:1    | Gained mutation: Scrolls take you a little longer to read. [a neqoxec]
 24530 | Orc:1    | Gained mutation: You are clumsy. (Dex -2) [a neqoxec]
 24531 | Orc:1    | Gained mutation: You expend magic power (3 MP) to strengthen your wands. [a neqoxec]
 24539 | Orc:1    | Reached skill level 21 in Bows
 24723 | Orc:1    | Found a roughly hewn altar of Beogh.
 24850 | Orc:2    | Found Puagauka's Food Shoppe.
 25048 | Orc:2    | Noticed Josephine
 25058 | Orc:2    | Killed Josephine
 25450 | Orc:2    | Received a gift from Trog
 25455 | Orc:2    | Reached XP level 16. HP: 108/108 MP: 16/16
 25458 | Orc:2    | Reached skill level 22 in Bows
 25574 | Orc:2    | Received a gift from Trog
 25754 | Orc:2    | Found Vopaesch's Magic Scroll Shop.
 25754 | Orc:2    | Found Oliuschil's Jewellery Shoppe.
 25754 | Orc:2    | Found Qeicer's Weapon Shoppe.
 25754 | Orc:2    | Found Epsaunefi's Antique Armour Boutique.
 25763 | Orc:2    | Bought a cursed -3 ring of strength for 26 gold pieces
 25763 | Orc:2    | Bought a cursed amulet of inaccuracy for 26 gold pieces
 26164 | Orc:2    | Bought a scroll of identify for 30 gold pieces
 26164 | Orc:2    | Bought a scroll of identify for 30 gold pieces
 26164 | Orc:2    | Bought 3 scrolls of identify for 90 gold pieces
 26338 | D:15     | Entered Level 15 of the Dungeon
 26424 | D:15     | Found a staircase to the Depths.
 26671 | D:15     | Received a gift from Trog
 26875 | D:15     | Received a gift from Trog
 27015 | D:15     | Found Bisynledi's Assorted Antiques.
 27026 | D:15     | Bought a shiny plate armour for 442 gold pieces
 27026 | D:15     | Bought a scroll of identify for 34 gold pieces
 27085 | D:15     | Found a hazy altar of Hepliaklqana.
 27479 | Snake:1  | Entered Level 1 of the Snake Pit
 27537 | Snake:1  | Found a frozen archway.
 27557 | IceCv    | Entered an ice cave
 27897 | IceCv    | Reached skill level 23 in Bows
 28292 | IceCv    | Noticed an Ice Fiend
 28293 | IceCv    | Noticed an Ice Fiend
 28315 | IceCv    | Killed an Ice Fiend
 28317 | IceCv    | Killed an Ice Fiend
 28491 | IceCv    | Got a warped broad axe
 29350 | Snake:2  | Received a gift from Trog
 29458 | Snake:2  | Reached XP level 17. HP: 84/113 MP: 17/17
 30041 | Snake:3  | Reached skill level 24 in Bows
 30282 | Snake:3  | Noticed Vashnia
 30316 | Snake:3  | Killed Vashnia
 30316 | Snake:3  | Received a gift from Trog
 30674 | Snake:3  | Found Gurokhleu's Antique Weapon Shoppe.
 31625 | Snake:4  | Entered Level 4 of the Snake Pit
 31696 | Snake:4  | Noticed Donald
 31708 | Snake:4  | Killed Donald
 31914 | Snake:4  | Got a spiked leather armour
 31939 | Snake:4  | Identified the +3 leather armour of Naekumie {MR+} (You found it on level 4 of the Snake Pit)
 31942 | Snake:4  | Identified the +5 broad axe of the Dungeon {elec, rElec rC+ MP+9 Dex+3} (You found it in an ice cave)
 32037 | Snake:4  | Reached skill level 25 in Bows
 32206 | Snake:4  | Received a gift from Trog
 32279 | Snake:4  | Reached XP level 18. HP: 118/119 MP: 18/18
 32307 | Snake:4  | Noticed Agnes
 32316 | Snake:4  | Killed Agnes
 33113 | Snake:4  | Received a gift from Trog
 33232 | Snake:4  | Reached skill level 26 in Bows
 33260 | Snake:4  | Received a gift from Trog
 33437 | Snake:4  | Got a serpentine rune of Zot
 33684 | Swamp:1  | Entered Level 1 of the Swamp
 33943 | Swamp:1  | Noticed Roxanne
 33960 | Swamp:1  | Killed Roxanne
 34636 | Swamp:1  | Got a pair of ichor-stained boots
 34643 | Swamp:1  | Identified the +2 pair of boots of Feasting {Regen+} (You found it on level 1 of the Swamp)
 35200 | Swamp:2  | Received a gift from Trog
 35200 | Swamp:2  | Reached XP level 19. HP: 116/124 MP: 19/19
 35794 | Swamp:3  | Noticed a tentacled monstrosity
 35825 | Swamp:3  | Killed a tentacled monstrosity
 35825 | Swamp:3  | Reached skill level 27 in Bows
 35918 | Swamp:3  | Noticed Louise
 35936 | Swamp:3  | Killed Louise
 36125 | Swamp:4  | Entered Level 4 of the Swamp
 36147 | Swamp:4  | Noticed Mara
 36165 | Swamp:4  | Noticed Azzok's illusion
 36258 | Swamp:4  | Noticed Azzok's illusion
 36473 | Swamp:4  | Slain by an eight-headed hydra

Vault maps used:
D:1:      lightli_arrival_chessboard, serial_bayou_pond_d, minmay_door_square
D:3:      eat_drink_and_be_merry_uskayaw, grunt_temple_overflow_open,
          lightli_temple_of_fire, kennysheep_generic_room_11, uniq_natasha
D:4:      cheibriados_altar_1, minmay_temple_entry_statues_fountains,
          serial_shops, nicolae_shop_crystal, first_ration
D:5:      lemuel_upstairs_altar, kennysheep_minor_cross, lemuel_statue_altar
D:6:      gup_sewer_entry_bowl, uniq_duvessa, uniq_eustachio, uniq_grinder
D:7:      grunt_gozag_breadcrumbs
D:8:      serial_shops, shop, hangedman_decor_peaks_small
D:9:      kennysheep_mini_moat, grunt_pizzeria
D:10:     hangedman_decor_push, uniq_maurice
D:11:     lair_entry_dummy, david_orc_5
D:12:     lab_entry_generic, grunt_decor_cap, lemuel_blue_sif_altar
D:13:     david_vaults_3, basic_altar
D:14:     regret_index_bee_streams, kennysheep_doodads, uniq_nessos
D:15:     grunt_enter_depths_hoard, basic_altar, serial_undead, serial_undead_d,
          serial_undead_c, serial_undead_d, serial_undead_e, serial_shops,
          nicolae_shop_crystal, minivault_5, minmay_misc_feat_five
Lair:1:   worms_lemuel
Lair:2:   grunt_megastairs_1, serial_bayou_shore_a, infiniplex_staircase_pool_2,
          serial_bayou_shore_b, uniq_urug, uniq_gastronok
Lair:3:   minmay_swamp_entry_worms, minmay_snake_entry_six_corridors,
          minmay_lair_oklob_bushes
Lair:5:   slime_altar_1
Lair:6:   minmay_lair_end_enchanted_forest, grunt_forest_large_clearing_hut
Swamp:1:  evilmike_swamp_ruin_rubble_1, swamp_pool5, uniq_roxanne
Swamp:2:  evilmike_swamp_ruin_house_1, swamp_pool2, infiniplex_staircase_pool
Swamp:3:  cheibrodos_swamp_monstrosity, evilmike_swamp_ruin_house_3, uniq_louise
Swamp:4:  swamp_fiery, uniq_mara
Snake:1:  portal_ice_cave_entry_dragon
Snake:2:  grunt_ministairs_1
Snake:3:  serial_shops, nicolae_shop_temple_entry_statues_fountains,
          st_stairs_5, uniq_vashnia
Snake:4:  grunt_snake_rune_serpentine_throne, uniq_agnes, uniq_donald
Orc:1:    minmay_orc_temple_c
Orc:2:    st_orc_ogre_mass, serial_shops, nicolae_shop_statue_plus,
          uniq_josephine
Sewer:    sewer_frog_island_02
IceCv:    ice_cave_small_demon

Skill      XL: |  1  2  3  4  5  6  7  8  9 10 11 12 13 14 15 16 17 18 19 |
---------------+----------------------------------------------------------+-----
Fighting       | 4 5 6 8 10 12 14 15 | 15.4
Bows           | 7 12 15 17 20 21 23 25 26 27 | 27.0
Armour         | 4 |  4.1
Long Blades    | |  2.6
Dodging        | |  1.5

Action                   |  1- 3 |  4- 6 |  7- 9 | 10-12 | 13-15 | 16-18 | 19-21 || total
-------------------------+-------+-------+-------+-------+-------+-------+-------++-------
Melee: Falchion          |   119 |    73 |    71 |       |       |       |       ||   263
       Short sword       |       |    29 |   169 |       |       |       |       ||   198
       Rapier            |       |       |   363 |   581 |    77 |       |       ||  1021
       Whip              |       |       |       |    73 |       |       |       ||    73
 Fire: Longbow           |       |       |       |   244 |  1333 |  1285 |   180 ||  3042
Invok: Berserk           |       |     2 |     4 |     1 |     2 |       |       ||     9
       Trog's Hand       |       |       |     1 |     1 |     5 |     4 |     1 ||    12
       Brothers in Arms  |       |       |       |       |       |     2 |       ||     2
 Abil: Fly               |       |       |       |       |       |     1 |       ||     1
  Use: Scroll            |       |       |       |    17 |     9 |    16 |       ||    42
       Potion            |       |       |       |       |     4 |     1 |       ||     5
  Eat: Chunk             |     1 |     5 |    15 |    17 |    34 |    21 |     1 ||    94
       Ration            |       |       |     2 |     4 |       |     3 |     1 ||    10
Armor: Animal skin       |    12 |       |       |       |       |       |       ||    12
       Quicksilver drago |    39 |    58 |   386 |   598 |   395 |    29 |       ||  1505
       Scale mail        |     3 |       |       |       |       |       |       ||     3
       Plate armour      |       |       |       |       |       |   301 |    95 ||   396
Dodge: Dodged            |    79 |    71 |   435 |   415 |   306 |    89 |    23 ||  1418
       Rpst.: Falchion   |    22 |    17 |     7 |       |       |       |       ||    46

Table legend:
 A = Spawn XP
 B = Non-spawn XP
 C = Spawn XP percentage of total XP
 D = Spawn monster count
 E = Non-spawn monster count
 F = Spawn count percentage of total count
 G = Total turns spent on level
                    A         B        C        D         E        F      G
               +---------+---------+-------+---------+---------+-------+---------
         Total |       0 |  339283 |   0.0 |       0 |    1221 |   0.0 | 36473
               +---------+---------+-------+---------+---------+-------+---------
           D:1 |       0 |      50 |   0.0 |       0 |      28 |   0.0 |  1000
           D:2 |       0 |      59 |   0.0 |       0 |      21 |   0.0 |   958
           D:3 |       0 |     568 |   0.0 |       0 |      23 |   0.0 |  1154
           D:4 |       0 |     293 |   0.0 |       0 |      12 |   0.0 |   495
           D:5 |       0 |     630 |   0.0 |       0 |      11 |   0.0 |  1644
           D:6 |       0 |    1334 |   0.0 |       0 |      29 |   0.0 |   647
           D:7 |       0 |    1531 |   0.0 |       0 |      30 |   0.0 |  1158
           D:8 |       0 |     683 |   0.0 |       0 |      20 |   0.0 |  1041
           D:9 |       0 |     826 |   0.0 |       0 |       8 |   0.0 |   687
          D:10 |       0 |    2396 |   0.0 |       0 |      32 |   0.0 |  1183
          D:11 |       0 |    4409 |   0.0 |       0 |      55 |   0.0 |  1760
          D:12 |       0 |    9600 |   0.0 |       0 |      38 |   0.0 |  1519
          D:13 |       0 |   14097 |   0.0 |       0 |      37 |   0.0 |  1199
          D:14 |       0 |   23201 |   0.0 |       0 |      88 |   0.0 |  2004
          D:15 |       0 |   16242 |   0.0 |       0 |      42 |   0.0 |   975
        Lair:1 |       0 |    1900 |   0.0 |       0 |      24 |   0.0 |  1530
        Lair:2 |       0 |    5797 |   0.0 |       0 |      15 |   0.0 |   957
        Lair:3 |       0 |    3092 |   0.0 |       0 |      24 |   0.0 |   928
        Lair:4 |       0 |    6879 |   0.0 |       0 |      28 |   0.0 |   878
        Lair:5 |       0 |    6797 |   0.0 |       0 |      27 |   0.0 |  1011
        Lair:6 |       0 |   13641 |   0.0 |       0 |      63 |   0.0 |  1685
       Swamp:1 |       0 |   15307 |   0.0 |       0 |      33 |   0.0 |  1056
       Swamp:2 |       0 |    5940 |   0.0 |       0 |      15 |   0.0 |   648
       Swamp:3 |       0 |   17407 |   0.0 |       0 |      32 |   0.0 |   871
       Swamp:4 |       0 |    4143 |   0.0 |       0 |      10 |   0.0 |   214
       Snake:1 |       0 |   10555 |   0.0 |       0 |      17 |   0.0 |   783
       Snake:2 |       0 |   15367 |   0.0 |       0 |      30 |   0.0 |   702
       Snake:3 |       0 |   31242 |   0.0 |       0 |      41 |   0.0 |  1660
       Snake:4 |       0 |   76568 |   0.0 |       0 |     113 |   0.0 |  1934
         Orc:1 |       0 |    9286 |   0.0 |       0 |      81 |   0.0 |  1084
         Orc:2 |       0 |   28575 |   0.0 |       0 |     104 |   0.0 |  1671
         Sewer |       0 |     295 |   0.0 |       0 |      57 |   0.0 |   352
         IceCv |       0 |   10573 |   0.0 |       0 |      33 |   0.0 |  1085
               +---------+---------+-------+---------+---------+-------+---------
